 Dungeon Crawl Stone Soup version 0.23.2-1-ga50397a (webtiles) character file.

Game seed: 3993054014925669334

9891 Chrisjfl the Cruncher (level 11, -9/63 HPs)
             Began as a Tengu Gladiator on Apr 22, 2019.
             Was a Priest of Nemelex Xobeh.
             Killed from afar by an orc (26 damage)
             ... with an exploding inner flame
             ... hexed by the player character
             ... on level 2 of the Orcish Mines.
             The game lasted 00:31:51 (9380 turns).

Chrisjfl the Cruncher (Tengu Gladiator)             Turns: 9380, Time: 00:31:51

Health: -9/63      AC:  5    Str: 17    XL:     11   Next: 53%
Magic:  17/17      EV: 21    Int:  9    God:    Nemelex Xobeh [***...]
Gold:   647        SH:  3    Dex: 16    Spells: 10/10 levels left

rFire    . . .     SeeInvis .   a - +0 quarterstaff
rCold    . . .     Gourm    .   (shield currently unavailable)
rNeg     . . .     Faith    .   j - +0 troll leather armour
rPois    +         Spirit   .   c - +0 hat
rElec    .         Reflect  +   L - scarf {repulsion}
rCorr    +         Harm     .   (no gloves)
MR       .....                  (boots unavailable)
Stlth    ++........             A - +3 amulet of reflection
HPRegen  0.60/turn              m - ring of poison resistance
MPRegen  0.15/turn              B - ring of resist corrosion

@: about to teleport, flying quickly and evasively, repel missiles, quick
A: beak, talons 3, able to fly
a: Stop Flying, Draw Escape, Draw Destruction, Draw Summoning, Triple Draw,
Renounce Religion


You were on level 2 of the Orcish Mines.
You worshipped Nemelex Xobeh.
Nemelex Xobeh was most pleased with you.
You were not hungry.

You visited 3 branches of the dungeon, and saw 13 of its levels.

You collected 773 gold pieces.
You spent 126 gold pieces at shops.

Inventory:

Hand Weapons
 a - a +0 quarterstaff (weapon)
 b - a +2 shortbow of freezing
 q - a +0 hunting sling
Missiles
 d - a throwing net
 e - 345 stones (quivered)
 t - 4 tomahawks
 C - 124 arrows
Armour
 c - a +0 hat (worn)
 i - a +0 leather armour
 j - a +0 troll leather armour (worn)
 I - a +0 cloak
 L - a scarf of repulsion (worn)
Jewellery
 m - a ring of poison resistance (left hand)
 A - a +3 amulet of reflection (around neck)
 B - a ring of resist corrosion (right hand)
 D - an uncursed ring of ice
 N - an uncursed ring of ice
Wands
 o - a wand of scattershot (1)
 v - a wand of enslavement (8)
 w - a wand of paralysis (10)
 z - a wand of polymorph (10)
 O - a wand of digging (4)
Scrolls
 g - 2 scrolls of identify
 k - 6 scrolls of teleportation
 p - 3 scrolls of amnesia
 r - 3 scrolls of fog
 u - 3 scrolls of enchant armour {unknown}
 x - 7 scrolls of remove curse
 y - a scroll of silence
 G - a scroll of vulnerability
 H - a scroll of magic mapping {unknown}
 K - a scroll of summoning {unknown}
Potions
 h - a potion of invisibility
 l - 4 potions of curing
 s - a potion of haste
 E - a potion of flight
 F - a potion of cancellation
 P - a potion of degeneration
 Q - a potion of mutation
 S - a potion of might
Comestibles
 f - 17 rations
 M - 5 chunks of flesh


   Skills:
 - Level 5.0 Fighting
 * Level 11.5 Staves
 - Level 6.0 Bows
 - Level 2.0 Throwing
 - Level 6.0 Armour
 - Level 8.1 Dodging
 - Level 3.0 Stealth
 + Level 6.7 Invocations
 - Level 4.0 Evocations


You had 10 spell levels left.
You didn't know any spells.
Your spell library contained the following spells:

 Spells                   Type           Power        Failure   Level  Hunger
 Corona                   Hex            #......      43%         1    ##.....
 Ensorcelled Hibernation  Hex/Ice        #.....       58%         2    ###....
 Confuse                  Hex            #.......     82%         3    ####...
 Dazzling Spray           Conj/Hex       #.....       82%         3    ####...
 Recall                   Summ/Tloc      N/A          82%         3    ####...
 Tukima's Dance           Hex            #.......     82%         3    ####...
 Animate Dead             Necr           N/A          99%         4    #####..
 Borgnjor's Vile Clutch   Necr/Erth      #.........   100%        5    ######.
 Death Channel            Necr           #.........   100%        6    #######
 Simulacrum               Ice/Necr       #.........   100%        6    #######


Dungeon Overview and Level Annotations

Branches:
Dungeon (10/15)            Temple (1/1) D:5             Orc (2/2) D:10
   Lair: D:8-11         Elf: Orc:2

Altars:
Ashenzari
Dithmenos
Elyvilon
Fedhas
Gozag
Hepliaklqana
Kikubaaqudgha
Makhleb
Nemelex Xobeh
Okawaru
Qazlal
Ru
Sif Muna
Trog
Uskayaw
Vehumet
Wu Jian
Xom
Yredelemnul
Zin
The Shining One

Shops:
D:5 :=(}   D:9 *!


Innate Abilities, Weirdness & Mutations

You have a beak for a mouth.
You have claws for feet.
You can fly continuously.


Message History

The orc completely misses you.
As you read the scroll labeled BUBRECKOFEP, it crumbles to dust.
The creatures around you are filled with an inner flame!
It was a scroll of immolation.
The orc completely misses you. The orc hits you but does no damage.
An orc wizard comes into view. It is wielding a +0 dagger.
The orc wizard shouts!
You hear a shout!
You thump the orc!
The orc explodes!
The fiery explosion engulfs the orc!!!
The orc explodes!
The fiery explosion engulfs the orc warrior!!
The orc warrior explodes!
You hear an explosion!
You feel a bit more experienced. The fiery explosion engulfs you!!!
Ouch! That really hurt!
* * * LOW HITPOINT WARNING * * *
The fiery explosion engulfs you!!
You die...
Your body glows with a rainbow of weird colours and disappears.

..........#.#.
.......o...... ..
.............##..
.................
.......#.........
......§§§§§...$..
......o§§§§§.#...
......§§§§§§.....
..$...§§§@§§.....
......§§§§.§.....
.......§§§§).....
.................
.................
...........#...o#
..........$.#..#.
.........#.#....


You could see an orc wizard.

Vanquished Creatures
  2 two-headed ogres
  2 orc sorcerers
  A cyclops (Orc:1)
  A troll (Orc:1)
  The ghost of Gadfly the Sneak, a novice SpEn of Gozag (D:5)
  Grinder (D:6)
  A hippogriff (D:8)
  Sigmund (D:3)
  4 yaks (D:10)
  A hungry ghost (D:7)
  Menkaure (D:6)
  4 wargs
  A sky beast (D:10)
  11 orc warriors
  2 ice beasts
  A black bear (D:9)
  A phantom (D:8)
  4 centaurs
  3 ogres
  A crocodile (D:9)
  2 big kobolds
  6 bullfrogs
  A scorpion (D:2)
  2 wights (D:10)
  4 killer bees (D:8)
  4 crimson imps
  6 howler monkeys
  A bullfrog zombie (D:6)
  A quasit (D:9)
  2 centaur zombies (D:8)
  A bullfrog skeleton (D:4)
  12 orc priests
  4 jellies
  19 orc wizards
  6 iguanas
  2 worker ants (D:4)
  A hound skeleton (D:5)
  10 adders
  4 gnolls (D:9)
  2 shadow imps
  An ooze (D:2)
  An adder skeleton (D:5)
  A worm (D:2)
  3 dart slugs
  5 leopard geckos
  58 orcs
  4 bats
  2 giant cockroaches
  9 goblins
  10 hobgoblins
  19 jackals
  16 kobolds
  4 quokkas
  A ball python (D:4)
  6 frilled lizards
  A leopard gecko zombie (D:8)
  A quokka skeleton (D:9)
  25 rats
301 creatures vanquished.

Vanquished Creatures (collateral kills)
  An elephant (Orc:1)
1 creature vanquished.

Vanquished Creatures (others)
  A wight (D:10)
  2 ball lightnings
  2 jackals (D:8)
5 creatures vanquished.

Grand Total: 307 creatures vanquished

Notes
Turn   | Place    | Note
-------+----------+-------------------------------------------
     0 | D:1      | Chrisjfl the Tengu Gladiator began the quest for the Orb.
     0 | D:1      | Reached XP level 1. HP: 12/12 MP: 2/2
   220 | D:1      | Reached XP level 2. HP: 12/17 MP: 3/3
   343 | D:1      | Reached skill level 4 in Staves
   491 | D:1      | Reached XP level 3. HP: 21/21 MP: 4/4
  1068 | D:2      | Reached skill level 5 in Staves
  1262 | D:2      | Reached XP level 4. HP: 26/26 MP: 5/5
  1540 | D:2      | Reached skill level 6 in Staves
  1540 | D:2      | Gained mutation: You can fly continuously. [Tengu growth]
  1540 | D:2      | Reached XP level 5. HP: 25/30 MP: 6/6
  1661 | D:3      | Reached skill level 1 in Armour
  1701 | D:3      | Noticed Sigmund
  1963 | D:3      | Killed Sigmund
  1963 | D:3      | Reached XP level 6. HP: 16/35 MP: 7/7
  2376 | D:3      | Reached XP level 7. HP: 38/40 MP: 8/8
  2650 | D:4      | Found a white marble altar of Elyvilon.
  2720 | D:4      | Reached skill level 5 in Dodging
  2876 | D:5      | Entered Level 5 of the Dungeon
  3074 | D:5      | Reached skill level 5 in Fighting
  3282 | D:5      | Found Izoic's Jewellery Shoppe.
  3283 | D:5      | Found Rato's Gadget Shoppe.
  3298 | D:5      | Found Uleam's Weapon Shoppe.
  3299 | D:5      | Found Ceoxuto's Book Shoppe.
  3352 | D:5      | Reached skill level 1 in Stealth
  3352 | D:5      | Reached skill level 1 in Evocations
  3352 | D:5      | Reached XP level 8. HP: 26/49 MP: 8/10
  3474 | D:5      | Found a runed translucent door.
  3475 | D:5      | Noticed Gadfly's ghost (novice SpEn)
  3502 | D:5      | Killed Gadfly's ghost
  3526 | D:5      | Found a staircase to the Ecumenical Temple.
  3558 | Temple   | Entered the Ecumenical Temple
  3772 | Temple   | Became a worshipper of Nemelex Xobeh the Trickster
  3881 | D:5      | Received a gift from Nemelex Xobeh
  4051 | D:6      | Reached skill level 1 in Bows
  4285 | D:6      | Found a radiant altar of Vehumet.
  4285 | D:6      | Found a bloodstained altar of Trog.
  4285 | D:6      | Found an iron altar of Okawaru.
  4301 | D:6      | Noticed Grinder
  4304 | D:6      | Paralysed by Grinder for 5 turns
  4327 | D:6      | Killed Grinder
  4688 | D:6      | Noticed Menkaure
  4698 | D:6      | Killed Menkaure
  4758 | D:6      | Reached skill level 7 in Staves
  4758 | D:6      | Reached XP level 9. HP: 54/54 MP: 11/13
  4891 | D:6      | Reached * piety under Nemelex Xobeh
  5266 | D:7      | You are sucked into a shaft for 3 floors!
  5266 | D:10     | Entered Level 10 of the Dungeon
  5356 | D:10     | Received a gift from Nemelex Xobeh
  5414 | D:10     | Reached skill level 5 in Bows
  5506 | D:10     | Reached ** piety under Nemelex Xobeh
  5560 | D:9      | Found a shattered altar of Ashenzari.
  5580 | D:9      | Reached skill level 8 in Staves
  5640 | D:9      | Found Zin's Purification Station.
  5640 | D:9      | Found a glowing silver altar of Zin.
  5744 | D:8      | Received a gift from Nemelex Xobeh
  5896 | D:8      | Reached skill level 9 in Staves
  6240 | D:8      | Reached skill level 10 in Staves
  6317 | D:8      | Reached skill level 1 in Invocations
  6322 | D:8      | Reached XP level 10. HP: 59/59 MP: 14/14
  6603 | D:8      | Noticed a two-headed ogre
  6612 | D:8      | Killed a two-headed ogre
  6612 | D:8      | Reached skill level 5 in Invocations
  6894 | D:9      | Received a gift from Nemelex Xobeh
  7059 | D:9      | Found Otiax's Distillery.
  7063 | D:9      | Bought a potion of degeneration for 14 gold pieces
  7063 | D:9      | Bought a potion of mutation for 112 gold pieces
  7327 | D:10     | Found a staircase to the Orcish Mines.
  7327 | D:10     | Reached *** piety under Nemelex Xobeh
  7342 | D:10     | Noticed a two-headed ogre
  7466 | D:10     | Killed a two-headed ogre
  7624 | D:10     | Reached skill level 5 in Armour
  7637 | D:10     | Received a gift from Nemelex Xobeh
  7638 | D:10     | Found a stormy altar of Qazlal.
  7812 | D:10     | Reached XP level 11. HP: 63/63 MP: 16/16
  8183 | Orc:1    | Entered Level 1 of the Orcish Mines
  8183 | Orc:1    | Noticed an orc sorcerer
  8199 | D:10     | Killed an orc sorcerer
  8466 | Orc:1    | Noticed a cyclops
  8528 | Orc:1    | Killed a cyclops
  8668 | Orc:1    | Received a gift from Nemelex Xobeh
  8871 | Orc:1    | Reached skill level 11 in Staves
  9050 | Orc:1    | Noticed an orc knight
  9186 | Orc:1    | an orc knight changed into an elephant
  9336 | Orc:2    | Entered Level 2 of the Orcish Mines
  9336 | Orc:2    | Noticed an orc sorcerer
  9343 | Orc:2    | Killed an orc sorcerer
  9380 | Orc:2    | Killed from afar by an orc

Skill      XL: |  1  2  3  4  5  6  7  8  9 10 11 |
---------------+----------------------------------+-----
Staves         | 4 5 6 7 10 11 | 11.5
Armour         | 3 4 5 6 |  6.0
Dodging        | 4 5 7 8 |  8.1
Fighting       | 5 |  5.0
Stealth        | 1 3 |  3.0
Evocations     | 1 4 |  4.0
Bows           | 3 6 |  6.0
Invocations    | 1 6 |  6.7
Throwing       | |  2.0

Action                   |  1- 3 |  4- 6 |  7- 9 | 10-12 || total
-------------------------+-------+-------+-------+-------++-------
Melee: Quarterstaff      |    71 |   129 |   321 |   298 ||   819
       Kick              |    17 |    31 |    89 |    90 ||   227
       Peck              |     8 |     6 |    54 |    66 ||   134
       Shortbow          |       |       |     1 |       ||     1
 Fire: Hunting sling     |       |     8 |       |       ||     8
       Shortbow          |       |       |    71 |   100 ||   171
Throw: Throwing net      |     1 |     1 |       |       ||     2
       Stone             |       |     2 |     2 |       ||     4
 Abil: Fly               |       |     1 |       |       ||     1
       Draw Destruction  |       |       |     3 |    11 ||    14
       Draw Summoning    |       |       |       |     3 ||     3
       Draw Escape       |       |       |       |     1 ||     1
  Use: Scroll            |       |     4 |     6 |     6 ||    16
       Potion            |       |     1 |     5 |     1 ||     7
 Stab: Sleeping          |     1 |     1 |     3 |       ||     5
  Eat: Chunk             |     1 |     4 |    11 |    10 ||    26
       Ration            |       |       |     1 |       ||     1
Armor: Leather armour    |     5 |       |       |       ||     5
       Troll leather arm |    12 |    18 |    30 |    18 ||    78
       Skin              |       |    13 |       |       ||    13
Dodge: Dodged            |    53 |    56 |   194 |   212 ||   515
       Deflected         |       |       |       |     1 ||     1
Block: Other             |       |       |    23 |    19 ||    42
       Reflection        |       |       |     1 |       ||     1
